 Dungeon Crawl Stone Soup version 0.30.0-19-g36f170ea60 (webtiles) character file.

Game seed: 2489368568393967216

3 cdecastro the Trooper (level 1, -1/18 HPs)
             Began as a Mummy Cinder Acolyte on May 26, 2023.
             Was a High Priest of Ignis.
             Slain by an endoplasm (2 damage)
             ... on level 1 of the Dungeon.
             The game lasted 00:00:37 (90 turns).

cdecastro the Trooper (Mummy Cinder Acolyte)          Turns: 90, Time: 00:00:38

Health: -1/18      AC:  2    Str: 17    XL:     1   Next: 41%
Magic:  3/3        EV: 11    Int: 13    God:    Ignis [*****.]
Gold:   13         SH:  0    Dex:  7    Spells: 4/4 levels left

rFire   . . .        a - -1 spear (flame)
rCold   + . .        (no shield)
rNeg    + + +        b - +0 robe
rPois   ∞            (no helmet)
rElec   .            (no cloak)
rCorr   .            (no gloves)
SInv    .            (no boots)
Will    .....        (no amulet)
Stlth   +            (no ring)
HPRegen 0.23/turn    (no ring)
MPRegen 0.08/turn

%: faith
@: no status effects
A: cold resistance 1, negative energy resistance 3, torment resistance 2, heat
vulnerability 1, no potions, faith
a: Renounce Religion, Fiery Armour, Foxfire Swarm, Rising Flame


You were on level 1 of the Dungeon.
You worshipped Ignis.
Ignis was extremely pleased with you.
You visited 1 branch of the dungeon, and saw 1 of its levels.

You collected 13 gold pieces.

Inventory:

Hand Weapons
 a - a -1 spear of flaming (weapon)
Armour
 b - a +0 robe (worn)


   Skills:
 - Level 3.0 Fighting
 - Level 2.4 Polearms
 + Level 2.0 Spellcasting
 - Level 2.4 Fire Magic


You had 4 spell levels left.
You didn't know any spells.
Your spell library contained the following spells:

 Spells                   Type           Power      Damage    Failure   Level
 Scorch                   Fire           14%        2d5       14%         2


Dungeon Overview and Level Annotations

Branches:
Dungeon (1/15)

Altars:


Innate Abilities, Weirdness & Mutations

You are immune to poison.
Your flesh is cold resistant. (rC+)
You are immune to negative energy. (rN+++)
You are immune to unholy pain and torment.
You are vulnerable to heat. (rF-)
You do not drink.
You have a special connection with the divine. (Faith)


Message History

The kobold attacks as you move away! The kobold barely misses you.
The bat barely misses you. The bat hits you. The bat barely misses you.
The bat hits you but does no damage. The kobold attacks as you move away!
The kobold misses you. The bat attacks as you move away!
The bat hits you but does no damage. The bat closely misses you.
The bat attacks as you move away! The bat hits you.
The bat hits you but does no damage. The bat attacks as you move away!
The bat hits you but does no damage. The bat hits you.
You are too injured to fight recklessly!
You are too injured to fight recklessly!
You are too injured to fight recklessly!
You are too injured to fight recklessly!
You closely miss the bat.
The bat is severely wounded.
The bat hits you.
You closely miss the bat.
The bat is severely wounded.
The bat misses you. The bat barely misses you.
You hit the bat. You burn the bat.
You kill the bat!
The kobold hits you with a +0 whip.
* * * LOW HITPOINT WARNING * * *
Your Spellcasting skill increases to level 2!
You hit the endoplasm but do no damage. The kobold hits you with a +0 whip.
* * * LOW HITPOINT WARNING * * *
The endoplasm hits you.
* * * LOW HITPOINT WARNING * * *
Unknown command.
You hit the endoplasm but do no damage. The kobold misses you.
The endoplasm freezes you.
You are frozen.
You resist.
* * * LOW HITPOINT WARNING * * *
Unknown command.
You hit the endoplasm. You burn the endoplasm.
The endoplasm is moderately wounded.
The endoplasm hits you.
You die...

#.##..##....r#...#
#. ##.K..# ..# #
###..# # #..######
#.r.....##
##..J....#
######..#
######..#
##...@Kr.#
#....KJ.##
#..######
#..#..###
#...<...##
##.......#
###..#..#
######..#
##.......#


You could see an endoplasm, 2 kobolds and a rat.

Vanquished Creatures
  A ball python (D:1)
  A bat (D:1)
  A rat (D:1)
3 creatures vanquished.

Notes
Turn   | Place    | Note
-------+----------+-------------------------------------------
     0 | D:1      | cdecastro the Mummy Cinder Acolyte began the quest for the
                  | Orb.
     0 | D:1      | Reached XP level 1. HP: 18/18 MP: 2/2
    90 | D:1      | Slain by an endoplasm

Illustrated notes

Levels and vault maps discovered:
D:1:      minmay_arrival_wavy_path, layout_rooms, chequers_serial_rivers_marsh

Skill      XL: |  1 |
---------------+----+-----
Spellcasting   | 2 |  2.0
Fighting       | |  3.0
Polearms       | |  2.4
Fire Magic     | |  2.4

Action                     || total
---------------------------++-------
  Melee: Spear             ||    10
 Armour: Robe              ||     6
  Dodge: Dodged            ||    14
